 Dungeon Crawl Stone Soup version 0.24.0-124-g2791043dd8 (webtiles) character file.

Game seed: 11629105514559683018, levelgen mode: deterministic

80 Elellon the Conjurer (level 4, -1/24 HPs)
             Began as a Deep Elf Conjurer on Feb 14, 2020.
             Slain by an adder (2 damage)
             ... on level 2 of the Dungeon.
             The game lasted 00:02:31 (1657 turns).

Elellon the Conjurer (Deep Elf Conjurer)            Turns: 1657, Time: 00:02:32

Health: -1/24      AC:  2    Str:  6    XL:     4   Next: 18%
Magic:  11/12      EV: 13    Int: 20    God:
Gold:   37         SH:  0    Dex: 15    Spells: 9/12 levels left

rFire    + . .     SeeInvis .   (no weapon)
rCold    + . .     Gourm    .   (no shield)
rNeg     . . .     Faith    .   a - +0 robe
rPois    .         Spirit   .   (no helmet)
rElec    .         Reflect  .   l - scarf {rC+ rF+}
rCorr    .         Harm     .   (no gloves)
MR       .....                  (no boots)
Stlth    ++........             (no amulet)
HPRegen  0.08/turn              (no ring)
MPRegen  0.13/turn              (no ring)

@: lethally poisoned (-1 -> -4)
A: no striking features
a: no special abilities


You were on level 2 of the Dungeon.
You were not hungry.

You visited 1 branch of the dungeon, and saw 2 of its levels.

You collected 37 gold pieces.

Inventory:

Armour
 a - a +0 robe (worn)
 l - a scarf of resistance (worn)
Jewellery
 d - an uncursed amulet of regeneration {unknown}
Scrolls
 b - a scroll of enchant weapon {unknown}
 e - a scroll of identify {unknown}
 g - 2 scrolls of remove curse {unknown}
 h - a scroll of magic mapping {unknown}
 m - 2 scrolls of enchant armour {unknown}
Potions
 f - a potion of ambrosia {unknown}
 i - a potion of degeneration {unknown}
 j - 2 potions of haste {unknown}
 k - a potion of flight {unknown}
 n - a potion of resistance {unknown}
Comestibles
 c - 3 rations


   Skills:
 - Level 2.4 Dodging
 - Level 2.4 Stealth
 + Level 4.8 Spellcasting
 + Level 5.4 Conjurations


You had 9 spell levels left.
You knew the following spells:

 Your Spells              Type           Power        Failure   Level  Hunger
a - Magic Dart            Conj           ####         1%          1    None
b - Searing Ray           Conj           ####..       1%          2    #......

Your spell library contained the following spells:

 Spells                   Type           Power        Failure   Level  Hunger
 Dazzling Spray           Conj/Hex       ###...       12%         3    ##.....
 Iskenderun's Mystic Bla  Conj           ####....     13%         4    ####...
 Force Lance              Conj/Tloc      ###.....     36%         4    ####...
 Fulminant Prism          Conj/Hex       ###.......   36%         4    ####...


Dungeon Overview and Level Annotations

Branches:
Dungeon (2/15)

Altars:

Annotations:
D:2 Natasha, Sigmund


Message History

Natasha mewls in sadness.
The adder bites you but does no damage.
You bump into the rock wall.
You feel less confused. The adder bites you.
* * * LOW HITPOINT WARNING * * *
* * * LOW HITPOINT WARNING * * *
You feel sick. The adder bites you but does no damage.
* * * LOW HITPOINT WARNING * * *
You feel sick. The adder barely misses you.
Natasha mumbles some strange words.
Sigmund gestures wildly while chanting.
Sigmund flickers and vanishes!
Deactivating autopickup; reactivate with Ctrl-A.
* * * LOW HITPOINT WARNING * * *
You feel sick.
Natasha mumbles some strange words.
The adder bites you.
You die...

##รท#...## #.#.###.......#
##...######.#.##..#...#.##.##
##..#......#.##..##.##......
#..#.######...........#...
#..#.# ######..{##.#.###
##..#.# #h5## .# . ## #...#.#
#.## .# #
.###.#.#.###########h####.#
.....#.#.#......@SS..5....#
<.##.#.#.#.#########.######
..#.>..#...............
.......###.######...>##.#
........##.# #### #
........##.#
#.......##.######.
#.................
###.......#######.


You could see Natasha, a crimson imp and 2 adders.

Vanquished Creatures
  Natasha (D:2)
  Robin (D:2)
  A dart slug (D:1)
  A giant cockroach (D:2)
  11 goblins
  6 hobgoblins
  3 jackals (D:1)
  A quokka (D:2)
  A ball python (D:1)
  7 bats
  2 frilled lizards (D:1)
  5 kobolds
  A rat (D:1)
41 creatures vanquished.

Notes
Turn   | Place    | Note
-------+----------+-------------------------------------------
     0 | D:1      | Elellon the Deep Elf Conjurer began the quest for the Orb.
     0 | D:1      | Reached XP level 1. HP: 10/10 MP: 6/6
   277 | D:1      | Reached XP level 2. HP: 15/15 MP: 4/8
  1090 | D:2      | Reached skill level 5 in Conjurations
  1090 | D:2      | Reached XP level 3. HP: 19/19 MP: 8/10
  1143 | D:2      | Noticed Robin
  1324 | D:1      | Learned a level 2 spell: Searing Ray
  1360 | D:2      | Killed Robin
  1518 | D:2      | Noticed Natasha
  1523 | D:2      | Killed Natasha
  1523 | D:2      | Reached XP level 4. HP: 24/24 MP: 6/12
  1638 | D:2      | Noticed Sigmund
  1638 | D:2      | Noticed Natasha
  1656 | D:2      | HP: 1/24 [poisoned by an adder]
  1657 | D:2      | Slain by an adder

Levels and vault maps discovered:
D:1:      nzn_arrival_settlement, layout_rooms
D:2:      layout_loops_ring, minmay_misc_feat_four_crosses,
          hangedman_decor_clover_reticule, uniq_robin, uniq_natasha,
          uniq_sigmund, uniq_crazy_yiuf_cottage

Skill      XL: |  1  2 |
---------------+-------+-----
Spellcasting   | 4 |  4.8
Conjurations   | 5 |  5.4
Dodging        | |  2.4
Stealth        | |  2.4

Action                   |  1- 3 |  4- 6 || total
-------------------------+-------+-------++-------
Melee: Unarmed           |    21 |     1 ||    22
 Cast: Magic Dart        |    80 |     4 ||    84
  Eat: Chunk             |     1 |     1 ||     2
Armor: Robe              |     5 |     2 ||     7
Dodge: Dodged            |    44 |     3 ||    47
